 Dungeon Crawl Stone Soup version 0.22.0-27-ga576289 (webtiles) character file.

9 Monsterracer the Skirmisher (level 2, 0/19 HPs)
             Began as a Gargoyle Abyssal Knight on Aug 21, 2018.
             Was a Follower of Lugonu.
             Slain by a goblin (3 damage)
             ... on level 2 of the Dungeon.
             The game lasted 00:00:34 (250 turns).

Monsterracer the Skirmisher (GrAK)                   Turns: 250, Time: 00:00:36

Health: 0/19       AC:  8    Str: 15    XL:     2   Next: 12%
Magic:  3/3        EV: 10    Int: 12    God:    Lugonu [*.....]
Gold:   33         SH:  0    Dex:  9    Spells: 1/1 levels left

rFire    . . .     SeeInvis .   a - +1 hand axe
rCold    . . .     Gourm    .   (no shield)
rNeg     + . .     Faith    .   f - +0 ring mail {rPois}
rPois    ∞         Spirit   .   (no helmet)
rElec    +         Reflect  .   (no cloak)
rCorr    .         Harm     .   (no gloves)
MR       .....                  (no boots)
Stlth    ..........             (no amulet)
HPRegen  0.06/turn              (no ring)
MPRegen  0.08/turn              (no ring)

@: no status effects
A: negative energy resistance 1, electricity resistance, unbreathing,
petrification resistance, rot immunity, AC +2
a: Depart the Abyss, Renounce Religion


You were on level 2 of the Dungeon.
You worshipped Lugonu.
Lugonu was aware of your devotion.
You were not hungry.

You visited 1 branch of the dungeon, and saw 2 of its levels.
You visited the Abyss 1 time.

You collected 33 gold pieces.

Inventory:

Hand Weapons
 a - a +1 hand axe (weapon)
Armour
 f - a +0 ring mail of poison resistance (worn)
Jewellery
 h - a +3 ring of intelligence {unknown}
Scrolls
 d - a scroll of enchant weapon {unknown}
 i - a scroll of remove curse {unknown}
Potions
 b - a potion of lignification {unknown}
 e - a potion of agility {unknown}
 g - a potion of ambrosia {unknown}
Comestibles
 c - 2 rations


   Skills:
 - Level 3.2 Fighting
 + Level 2.5 Axes
 - Level 2.1 Armour
 - Level 0.7 Dodging
 - Level 2.0 Invocations


You had one spell level left.
You didn't know any spells.
Your spell library was empty.

Dungeon Overview and Level Annotations

Branches:
Dungeon (2/15)

Altars:


Innate Abilities, Weirdness & Mutations

You are resistant to torment.
Your stone body is resilient. (AC +2)
You are immune to poison.
You resist negative energy. (rN+)
You are resistant to electric shocks. (rElec)
You can survive without breathing.
You are immune to petrification.
You are immune to rotting.


Message History

You kill the rat!
Lugonu accepts your kill.
Your Axes skill increases to level 2!
The jackal barely misses you.
A jackal comes into view.
The jackal barely misses you.
The jackal barks!
You slash the jackal!
You kill the jackal!
Lugonu accepts your kill.
You hear a bark! x2
A jackal comes into view.
You hear a shout!
There are monsters nearby!
A bat comes into view.
The jackal barely misses you.
A frilled lizard comes into view.
A jackal comes into view.
You see here a jackal corpse.
There are monsters nearby!
You completely miss the jackal.
The frilled lizard hisses angrily.
The jackal bites you but does no damage.
You closely miss the jackal.
A gnoll comes into view. It is wielding a flail.
The jackal barely misses you. The bat hits you but does no damage.
You hit the jackal but do no damage. You hit the bat.
You kill the bat!
Lugonu accepts your kill.
The jackal bites you but does no damage. x2
You completely miss the jackal.
Your ring mail prevents you from hitting the gnoll.
You closely miss the jackal.
The jackal bites you but does no damage. x2
The gnoll hits you with a flail. The jackal bites you.
You completely miss the gnoll. You closely miss the jackal. You hit the jackal.
The jackal closely misses you.
The jackal bites you but does no damage.
The jackal barely misses you. The gnoll barely misses you.
You take 3 damage, and have 11/14 hp.
MASSIVE DAMAGE!!
Your ring mail prevents you from hitting the jackal.
The jackal is heavily wounded.
You hit the jackal but do no damage. You completely miss the gnoll.
The jackal bites you but does no damage.
The jackal barely misses you.
The jackal bites you but does no damage.
The gnoll barely misses you.
The jackal bites you but does no damage.
You barely miss the jackal.
The jackal is heavily wounded.
You hit the gnoll. You hit the jackal.
You kill the jackal!
Lugonu accepts your kill.
The jackal bites you but does no damage.
The gnoll hits you with a flail.
* * * LOW HITPOINT WARNING * * *
The jackal bites you but does no damage.
You take 6 damage, and have 5/14 hp.
MASSIVE DAMAGE!!
The jackal bites you.
* * * LOW HITPOINT WARNING * * *
You take 2 damage, and have 3/14 hp.
The jackal closely misses you.
The jackal bites you but does no damage.
Your ring mail prevents you from hitting the jackal.
The jackal is heavily wounded.
The jackal bites you.
* * * LOW HITPOINT WARNING * * *
You take 1 damage, and have 3/14 hp.
You hit the jackal.
You kill the jackal!
Lugonu accepts your kill.
You have reached level 2!
The frilled lizard hisses.
MP restored: 3 You closely miss the jackal.
The jackal bites you but does no damage.
The jackal closely misses you.
You closely miss the jackal.
The jackal bites you but does no damage. x2
You slash the jackal!
You kill the jackal!
Lugonu accepts your kill.
You slash the frilled lizard!
You kill the frilled lizard!
Lugonu accepts your kill. The gnoll hits you with a flail.
* * * LOW HITPOINT WARNING * * *
You take 4 damage, and have 1/19 hp.
MASSIVE DAMAGE!!
You see here a stone.
You see here a stone.
There is an escape hatch in the floor here.
Really go through this one-way escape hatch?
You slide downwards.
The hatch slams shut behind you.
A goblin comes into view.
Found 5 gold pieces and 3 scrolls labeled CAIJUN FYNANEU.
Unknown command.
Unknown command.
You hit the goblin.
The goblin is severely wounded.
The goblin hits you.
You die...

............#
............#
............#
............#
............#
............#
............#
........@g.$#
............#
..?.........#
.#.##########
#


You could see a goblin.

Vanquished Creatures
  4 jackals (D:1)
  A kobold (D:1)
  A bat (D:1)
  A frilled lizard (D:1)
  A rat (D:1)
8 creatures vanquished.

Notes
Turn   | Place    | Note
-------+----------+-------------------------------------------
     0 | Abyss:1  | Monsterracer the Gargoyle Abyssal Knight began the quest for the Orb.
     0 | Abyss:1  | Reached XP level 1. HP: 14/14 MP: 2/2
     9 | D:1      | Escaped the Abyss
   194 | D:1      | HP: 5/14 [gnoll/flail (6)]
   201 | D:1      | HP: 3/14 [jackal (1)]
   202 | D:1      | Reached XP level 2. HP: 4/19 MP: 3/3
   227 | D:1      | HP: 1/19 [gnoll/flail (4)]
   250 | D:2      | Slain by a goblin

Skill      XL: |  1 |
---------------+----+-----
Axes           | 2 |  2.5
Fighting       | |  3.2
Armour         | |  2.1
Dodging        | |  0.7
Invocations    | |  2.0

Action                   || total
-------------------------++-------
Melee: Hand axe          ||    22
Armor: Ring mail         ||    18
Dodge: Dodged            ||    18

Vault maps used:
D:1:      dpeg_arrival_snail, minivault_4
D:2:      marbit_many_paths, fedhas_altar_4
